 Dungeon Crawl Stone Soup version 0.19.1 (webtiles) character file.

3347 XO4YCPATb the Basher (level 10, -2/92 HPs)
             Began as an Ogre Berserker on Dec 19, 2016.
             Was an Elder of Trog.
             Slain by a sky beast (5 damage)
             ... on level 7 of the Dungeon.
             The game lasted 00:12:44 (6924 turns).

XO4YCPATb the Basher (Ogre Berserker)               Turns: 6924, Time: 00:12:45

Health: -2/92      AC:  3    Str: 27    XL:     10   Next: 2%
Magic:  10/10      EV: 10    Int:  6    God:    Trog [****..]
Gold:   219        SH:  0    Dex:  9    Spells: 0 memorised, 9 levels left

rFire  . . .     SeeInvis .     q - +0 giant club
rCold  . . .     Gourm    .     b - +0 animal skin
rNeg   . . .     Faith    .     (shield currently unavailable)
rPois  .         Spirit   .     (helmet restricted)
rElec  .         Reflect  .     (no cloak)
rCorr  .         Harm     .     (gloves unavailable)
MR     ++...                    (boots unavailable)
Stlth  +.........               (no amulet)
                                (no ring)
                                R - ring of protection from magic

@: exhausted, slowed, very slow
A: unfitting armour, tough skin 1
a: Berserk, Trog's Hand, Brothers in Arms, Burn Spellbooks, Renounce Religion


You were on level 7 of the Dungeon.
You worshipped Trog.
Trog was greatly pleased with you.
You were hungry.

You visited 1 branch of the dungeon, and saw 7 of its levels.
You also visited: Sewer.

You collected 233 gold pieces.
You spent 14 gold pieces at shops.

Inventory:

Hand Weapons
 q - a +0 giant club (weapon)
 L - a +2 mace of draining
 N - a cursed -1 giant spiked club
Missiles
 a - 3 large rocks (quivered)
 f - 266 stones
 n - 29 poisoned needles
 D - a throwing net
Armour
 b - a +0 animal skin (worn)
Rods
 I - a +2 rod of shadows (10/10)
   (You found it on level 6 of the Dungeon)
Jewellery
 l - an uncursed ring of fire
 R - a ring of protection from magic (left hand)
Wands
 r - a wand of confusion (16/48)
 x - a wand of flame (10/48)
 O - a wand of flame (34/48)
 Q - a wand of random effects (15/48)
Scrolls
 e - 2 scrolls of blinking {unknown}
 g - 3 scrolls of immolation
 i - a scroll of magic mapping
 j - 5 scrolls of teleportation
 p - 5 scrolls of fog
 s - a scroll of noise {unknown}
 A - 2 scrolls of recharging
 E - 2 scrolls of amnesia {unknown}
 H - a scroll of enchant weapon {unknown}
 J - 3 scrolls of remove curse {unknown}
 K - a scroll of silence {unknown}
 P - a scroll of torment {unknown}
Potions
 m - a potion of brilliance {unknown}
 u - 5 potions of curing
 v - 3 potions of ambrosia {unknown}
 w - 5 potions of flight
 z - a potion of lignification {unknown}
 B - 2 potions of heal wounds
 F - a potion of degeneration {unknown}
 G - 4 potions of agility
 M - a potion of beneficial mutation {unknown}
 S - a potion of cancellation {unknown}
Books
 d - a book of Misfortune

   Spells                             Type                      Level
   a - Confusing Touch                Hexes                        1
   b - Confuse                        Hexes                        3
   c - Gell's Gravitas                Hexes/Translocation          3
   d - Petrify                        Transmutation/Earth          4
   e - Metabolic Englaciation         Hexes/Ice                    5
   f - Yara's Violent Unravelling     Hexes/Transmutation          5
   Trog disapproves of the use of such an item.
 y - a book of Callings

   Spells                             Type                      Level
   a - Summon Small Mammal            Summoning                    1
   b - Call Imp                       Summoning                    2
   c - Call Canine Familiar           Summoning                    3
   d - Summon Guardian Golem          Hexes/Summoning              3
   e - Summon Lightning Spire         Summoning/Air                4
   f - Summon Ice Beast               Ice/Summoning                4
   Trog disapproves of the use of such an item.
Comestibles
 c - 5 bread rations
 h - 4 fruits
 k - 3 slices of pizza
 o - a beef jerky
 t - 5 meat rations
 C - 10 chunks of flesh


   Skills:
 - Level 4.0 Fighting
 + Level 13.8 Maces & Flails
 * Level 8.7 Throwing
 - Level 2.6 Dodging


You had 9 spell levels left.
You didn't know any spells.

Dungeon Overview and Level Annotations

Branches:
Dungeon (7/15)             Temple (0/1) D:7

Altars:
Cheibriados
Dithmenos
Gozag
Okawaru
Qazlal
Ru
Vehumet

Shops:
D:6 *


Innate Abilities, Weirdness & Mutations

You are too large for most types of armour.
You have tough skin. (AC +1)


Message History

You barely miss something. Something hits you.
* * * LOW HITPOINT WARNING * * *
Something shocks you.
* * * LOW HITPOINT WARNING * * *
You miss something.
The crimson imp blinks!
Something hits you.
* * * LOW HITPOINT WARNING * * *
Something shocks you.
* * * LOW HITPOINT WARNING * * *
You hit something.
Unknown command.
You barely miss something. Something hits you.
* * * LOW HITPOINT WARNING * * *
Something shocks you.
* * * LOW HITPOINT WARNING * * *
You miss something. You miss something.
You are no longer berserk.
You are exhausted.
You feel yourself slow down. Something hits you.
You die...

.........#....#
........##....# .#
.......###....# .###
.#)#....##..#.###...##
##.)###....##........##
.<...##..######.......#
##...........##.......#
##..........##.......#
>..............@{...#
....#....#####...≈...#
....####.. #....§..#
....# #.. ........# ##
.... ........##
............##
......5..# ..........#


You could see a crimson imp.

Vanquished Creatures
  Pikel (D:6)
  Joseph (D:7)
  A two-headed ogre (D:6)
  Grinder (D:6)
  Sigmund (D:4)
  An ice beast (D:5)
  Purgy (Sewer)
  2 slaves (D:6)
  2 sky beasts
  3 ogres
  4 centaurs
  2 scorpions
  5 wights (D:6)
  A howler monkey (D:6)
  3 crimson imps
  3 hounds
  5 orc wizards
  An orc priest (D:6)
  2 centaur skeletons
  2 iguanas
  2 worker ants (D:6)
  12 adders
  An adder skeleton (D:7)
  3 worms
  9 dart slugs
  2 leopard geckos
  12 orcs
  4 bats
  5 giant cockroaches
  11 goblins
  10 hobgoblins
  21 jackals
  3 quokkas
  11 frilled lizards
  9 kobolds
  5 rats
162 creatures vanquished.

Notes
Turn   | Place    | Note
-------+----------+-------------------------------------------
     0 | D:1      | XO4YCPATb the Ogre Berserker began the quest for the Orb.
     0 | D:1      | Reached XP level 1. HP: 24/24 MP: 1/1
   309 | D:1      | Reached XP level 2. HP: 29/32 MP: 2/2
   509 | D:1      | Reached skill level 5 in Maces & Flails
   912 | D:1      | Reached XP level 3. HP: 37/39 MP: 3/3
  1021 | D:2      | Found a faded altar of an unknown god.
  1113 | D:2      | Reached ** piety under Trog
  1227 | D:2      | Reached skill level 6 in Maces & Flails
  1437 | D:2      | Reached XP level 4. HP: 48/48 MP: 4/4
  1981 | D:3      | Found an iron altar of Okawaru.
  2100 | D:3      | Reached skill level 7 in Maces & Flails
  2445 | D:3      | Reached XP level 5. HP: 54/54 MP: 5/5
  2757 | D:4      | Reached skill level 8 in Maces & Flails
  2764 | D:4      | Reached *** piety under Trog
  2764 | D:4      | Reached XP level 6. HP: 62/62 MP: 6/6
  2841 | D:4      | Found a radiant altar of Vehumet.
  2868 | D:4      | Found a glowing drain.
  2873 | Sewer    | Entered a sewer
  2889 | Sewer    | Noticed Purgy
  2897 | Sewer    | Killed Purgy
  2897 | Sewer    | Reached skill level 9 in Maces & Flails
  3286 | D:4      | Found a shadowy altar of Dithmenos.
  3303 | D:4      | Found a stormy altar of Qazlal.
  3306 | D:4      | Found a snail-covered altar of Cheibriados.
  3326 | D:4      | Found a sacrificial altar of Ru.
  3563 | D:4      | Reached skill level 10 in Maces & Flails
  3563 | D:4      | Reached XP level 7. HP: 70/70 MP: 7/7
  3868 | D:4      | Noticed Sigmund
  3883 | D:4      | Killed Sigmund
  3883 | D:4      | Reached skill level 11 in Maces & Flails
  4242 | D:5      | Entered Level 5 of the Dungeon
  4436 | D:5      | Reached XP level 8. HP: 78/78 MP: 8/8
  4693 | D:5      | Reached skill level 1 in Throwing
  4964 | D:5      | Reached skill level 12 in Maces & Flails
  5512 | D:6      | Found an opulent altar of Gozag.
  5566 | D:6      | Reached **** piety under Trog
  5578 | D:6      | Noticed a two-headed ogre
  5586 | D:6      | Killed a two-headed ogre
  5586 | D:6      | Reached skill level 5 in Throwing
  5586 | D:6      | Reached XP level 9. HP: 84/84 MP: 9/9
  5626 | D:6      | Noticed Grinder
  5743 | D:6      | Killed Grinder
  5828 | D:6      | Reached skill level 13 in Maces & Flails
  5968 | D:6      | Found Dinog's General Store.
  6063 | D:6      | Bought a scroll of random uselessness for 14 gold pieces
  6157 | D:6      | Identified a +2 rod of shadows (10/10) (You found it on level 6 of the Dungeon)
  6209 | D:6      | Noticed Pikel
  6228 | D:6      | Killed Pikel
  6563 | D:7      | Found a staircase to the Ecumenical Temple.
  6727 | D:7      | Noticed Joseph
  6748 | D:7      | Killed Joseph
  6748 | D:7      | Reached XP level 10. HP: 92/92 MP: 10/10
  6922 | D:7      | HP: 4/138 [something (6)]
  6924 | D:7      | Slain by a sky beast

Skill      XL: |  1  2  3  4  5  6  7  8  9 |
---------------+----------------------------+-----
Maces & Flails | 5 6 7 8 10 11 12 13 | 13.8
Throwing       | 5 8 |  8.7
Fighting       | |  4.0
Dodging        | |  2.6

Action                   |  1- 3 |  4- 6 |  7- 9 | 10-12 || total
-------------------------+-------+-------+-------+-------++-------
Melee: Mace              |    79 |   183 |    49 |       ||   311
       Flail             |       |       |    13 |       ||    13
       Giant club        |       |       |   145 |    34 ||   179
Throw: Large rock        |       |       |     2 |       ||     2
Invok: Berserk           |     3 |     6 |    12 |     1 ||    22
       Trog's Hand       |       |     1 |     3 |       ||     4
  Use: Scroll            |       |     9 |     2 |       ||    11
 Stab: Sleeping          |     1 |       |       |       ||     1
  Eat: Chunk             |     3 |    13 |    20 |     2 ||    38
       Royal jelly       |       |       |     1 |       ||     1
Armor: Animal skin       |    23 |    67 |    20 |     2 ||   112
Dodge: Dodged            |    26 |   120 |    92 |     7 ||   245
